PAA
MINNESOTA LOONS @ CASPER GHOSTS
07/03/2034
 
TOP OF THE 1ST
Minnesota Loons batting - Pitching for Casper Ghosts : RHP Rhett Abbott
Pitching: RHP Rhett Abbott
Batting: SHB Esteban Piñeiro 0-0: Swinging Strike
0-1: SINGLE (Groundball, 56D)
Batting: LHB Sergio Cruz 0-0: Called Strike
0-1: Ball
1-1: Foul Ball, location: 2F
1-2: Strikes out swinging
Batting: LHB Kevin de Bruyne 0-0: Ball
1-0: Foul Ball, location: 2F
1-1: Ball
2-1: Swinging Strike
2-2: Strikes out swinging
Batting: LHB José Román 0-0: Foul Ball, location: 2F
0-1: Called Strike
Esteban Piñeiro steals 2nd base
0-2: Ball
1-2: Fly out, F2 (Popup, 2RF)
Top of the 1st over - 0 runs, 1 hit, 0 errors, 1 left on base; Minnesota 0 - Casper 0
BOTTOM OF THE 1ST
Casper Ghosts batting - Pitching for Minnesota Loons : RHP Damien Morin
Pitching: RHP Damien Morin
Batting: LHB Ronald Anderson 0-0: Fly out, F9 (Line Drive, 9D)
Batting: RHB Armando Pacheco 0-0: Ball
1-0: Ball
2-0: Ball
3-0: Base on Balls
Batting: LHB Marcus Shill 0-0: Ball
1-0: Ball
2-0: Ball
3-0: Base on Balls
Armando Pacheco to second
Batting: LHB Badry Maksimenov 0-0: Ball
1-0: Ball
2-0: Foul Ball, location: 2F
2-1: Ball
3-1: Base on Balls
Armando Pacheco to third
Marcus Shill to second
Batting: RHB Jeff Mouton 0-0: Ball
1-0: Ball
2-0: Called Strike
2-1: Ground out 3-1 (Groundball, 34S)
Armando Pacheco scores
Marcus Shill to third
Badry Maksimenov to second
Batting: RHB Jur Prokop 0-0: Ball
1-0: Ball
2-0: Called Strike
2-1: Ball
3-1: Called Strike
3-2: Base on Balls
Batting: RHB Steve Weber 0-0: Ball
1-0: Ball
2-0: Called Strike
2-1: Ball
3-1: Called Strike
3-2: Foul Ball, location: 2F
3-2: Base on Balls
Marcus Shill scores
Badry Maksimenov to third
Jur Prokop to second
Batting: RHB José Reyes 0-0: Called Strike
0-1: Ball
1-1: Called Strike
1-2: Ball
2-2: Foul Ball, location: 2F
2-2: DOUBLE (Flyball, 89D)
Badry Maksimenov scores
Jur Prokop scores
Steve Weber to third
Runner from 3rd tries for Home, SAFE, no throw
Batting: RHB Tatsui Kiyomizu 0-0: Called Strike
0-1: Fly out, F9 (Flyball, 89M)
Bottom of the 1st over - 5 runs, 1 hit, 0 errors, 1 left on base; Minnesota 0 - Casper 5
TOP OF THE 2ND
Minnesota Loons batting - Pitching for Casper Ghosts : RHP Rhett Abbott
Batting: RHB Augusto Manuel 0-0: Called Strike
0-1: Foul Ball, location: 2F
0-2: Foul Ball, location: 2F
0-2: Ball
1-2: Ball
2-2: Strikes out swinging
Batting: LHB Bill Bean 0-0: Called Strike
0-1: Fly out, F7 (Line Drive, 78M)
Batting: RHB Oliver Villalva 0-0: DOUBLE (Line Drive, 78D)
Batting: LHB Atro Jarvilehto 0-0: Ball
1-0: Ball
2-0: SINGLE (Line Drive, 6MD)
Oliver Villalva to third
Runner from 3rd tries for Home, SAFE, no throw
Batting: RHB Maverik Buffo 0-0: Ball
1-0: Swinging Strike
1-1: Swinging Strike
1-2: Ball
2-2: SINGLE (Groundball, 6MS) (infield hit)
Atro Jarvilehto to second
Batting: SHB Esteban Piñeiro 0-0: Ball
1-0: Ball
2-0: Ball
3-0: Foul Ball, location: 2F
3-1: Base on Balls
Atro Jarvilehto to third
Maverik Buffo to second
Batting: LHB Sergio Cruz 0-0: GRAND SLAM HOME RUN (Flyball, 89XD), Distance : 424 ft
Batting: LHB Kevin de Bruyne 0-0: Ball
1-0: Ball
2-0: SINGLE (Line Drive, 34)
Batting: LHB José Román 0-0: Called Strike
0-1: Ball
1-1: Ball
2-1: SINGLE (Flyball, 7LM)
Kevin de Bruyne to second
Batting: RHB Augusto Manuel 0-0: Foul Ball, location: 2F
0-1: Ball
1-1: Ground out 5-3 (Groundball, 56S)
Top of the 2nd over - 5 runs, 6 hits, 0 errors, 2 left on base; Minnesota 5 - Casper 5
BOTTOM OF THE 2ND
Casper Ghosts batting - Pitching for Minnesota Loons : RHP Damien Morin
Batting: LHB Ronald Anderson 0-0: Foul Ball, location: 2F
0-1: Ball
1-1: Called Strike
1-2: Strikes out looking
Batting: RHB Armando Pacheco 0-0: Reached on error, E4 (Groundball, 4D)
Batting: LHB Marcus Shill 0-0: Ball
1-0: Ball
2-0: Ball
3-0: Called Strike
3-1: Base on Balls
Armando Pacheco to second
Batting: LHB Badry Maksimenov 0-0: Ball
1-0: Foul Ball, location: 2F
1-1: Ball
2-1: Fly out, F9 (Flyball, 89M)
Batting: RHB Jeff Mouton 0-0: Ball
1-0: Called Strike
1-1: Fielders Choice at 2nd, 6-4 (Groundball, 6)
Bottom of the 2nd over - 0 runs, 0 hits, 1 error, 2 left on base; Minnesota 5 - Casper 5
TOP OF THE 3RD
Minnesota Loons batting - Pitching for Casper Ghosts : RHP Rhett Abbott
Batting: LHB Bill Bean 0-0: Foul Ball, location: 2F
0-1: Ball
1-1: Ball
2-1: Ball
3-1: Ground out 4-3 (Groundball, 34D)
Batting: RHB Oliver Villalva 0-0: Fly out, F8 (Flyball, 8LXD)
Batting: LHB Atro Jarvilehto 0-0: Ball
1-0: Foul Ball, location: 2F
1-1: Ball
2-1: SINGLE (Flyball, 7LS)
Batting: RHB Maverik Buffo 0-0: DOUBLE (Line Drive, 7LM)
Atro Jarvilehto to third
Runner from 3rd tries for Home, SAFE, no throw
Pitching: RHP John Castle
Batting: SHB Esteban Piñeiro 0-0: Called Strike
0-1: Fly out, F8 (Flyball, 8LM)
Top of the 3rd over - 1 run, 2 hits, 0 errors, 1 left on base; Minnesota 6 - Casper 5
BOTTOM OF THE 3RD
Casper Ghosts batting - Pitching for Minnesota Loons : RHP Damien Morin
Batting: RHB Jur Prokop 0-0: Called Strike
0-1: Swinging Strike
0-2: Ball
1-2: Strikes out looking
Batting: RHB Steve Weber 0-0: Ball
1-0: SINGLE (Line Drive, 9S)
Batting: RHB José Reyes 0-0: Ball
Steve Weber is caught stealing 2nd base
1-0: Foul Ball, location: 2F
1-1: Swinging Strike
1-2: Foul Ball, location: 2F
1-2: Strikes out looking
Bottom of the 3rd over - 0 runs, 1 hit, 0 errors, 0 left on base; Minnesota 6 - Casper 5
TOP OF THE 4TH
Minnesota Loons batting - Pitching for Casper Ghosts : RHP John Castle
Batting: LHB Sergio Cruz 0-0: Ball
1-0: DOUBLE (Line Drive, 89D)
Batting: LHB Kevin de Bruyne 0-0: Ball
1-0: Called Strike
1-1: Ground out U3 (Groundball, 3L)
Sergio Cruz to third
Batting: LHB José Román 0-0: Foul Ball, location: 2F
0-1: Ball
1-1: Foul Ball, location: 2F
1-2: Ball
2-2: Ball
3-2: Base on Balls
Batting: RHB Augusto Manuel 0-0: Foul Ball, location: 2F
0-1: Called Strike
0-2: Ground out 6-3 (Groundball, 6)
Sergio Cruz scores
José Román to second
Batting: LHB Bill Bean 0-0: Ball
1-0: Called Strike
1-1: Ball
2-1: Foul Ball, location: 2F
2-2: Ball
3-2: Base on Balls
Batting: RHB Oliver Villalva 0-0: Ball
1-0: Ball
2-0: Called Strike
2-1: Foul Ball, location: 2F
2-2: Ball
3-2: Foul Ball, location: 2F
3-2: Foul Ball, location: 2F
3-2: Base on Balls
José Román to third
Bill Bean to second
Batting: LHB Atro Jarvilehto 0-0: Ground out 4-3 (Groundball, 4)
Top of the 4th over - 1 run, 1 hit, 0 errors, 3 left on base; Minnesota 7 - Casper 5
BOTTOM OF THE 4TH
Casper Ghosts batting - Pitching for Minnesota Loons : RHP Damien Morin
Batting: RHB Tatsui Kiyomizu 0-0: Called Strike
0-1: Ball
1-1: Foul Ball, location: 2F
1-2: Ball
2-2: Foul Ball, location: 2F
2-2: Ball
3-2: SINGLE (Groundball, 34D)
Batting: LHB Ronald Anderson 0-0: Called Strike
0-1: Ball
1-1: Ball
2-1: Ball
3-1: Ground out U3 (Groundball, 3L)
Tatsui Kiyomizu to second
Batting: RHB Armando Pacheco 0-0: Ball
1-0: Called Strike
1-1: Ball
2-1: Ground out 1-3 (Groundball, P)
Tatsui Kiyomizu to third
Batting: LHB Marcus Shill 0-0: Called Strike
0-1: Fly out, F4 (Popup, 34D)
Bottom of the 4th over - 0 runs, 1 hit, 0 errors, 1 left on base; Minnesota 7 - Casper 5
TOP OF THE 5TH
Minnesota Loons batting - Pitching for Casper Ghosts : RHP John Castle
Batting: RHB Maverik Buffo 0-0: Ground out 5-3 (Groundball, 5S)
Batting: SHB Esteban Piñeiro 0-0: Ground out 6-3 (Groundball, 6)
Batting: LHB Sergio Cruz 0-0: Ball
1-0: Ball
2-0: Ball
3-0: Called Strike
3-1: Base on Balls
Batting: LHB Kevin de Bruyne 0-0: Ball
Sergio Cruz steals 2nd base
1-0: Swinging Strike
1-1: Swinging Strike
1-2: Ground out 4-3 (Groundball, 4)
Top of the 5th over - 0 runs, 0 hits, 0 errors, 1 left on base; Minnesota 7 - Casper 5
BOTTOM OF THE 5TH
Casper Ghosts batting - Pitching for Minnesota Loons : RHP Damien Morin
Batting: LHB Badry Maksimenov 0-0: Ball
1-0: Foul Ball, location: 2F
1-1: Ball
2-1: Foul Ball, location: 2F
2-2: Ball
3-2: Fly out, F8 (Flyball, 78D)
Batting: RHB Jeff Mouton 0-0: Called Strike
0-1: SOLO HOME RUN (Flyball, 78XD), Distance : 430 ft
Batting: RHB Jur Prokop 0-0: Called Strike
0-1: Ground out 1-3 (Groundball, 13)
Batting: RHB Steve Weber 0-0: Called Strike
0-1: Called Strike
0-2: Ball
1-2: Foul Ball, location: 2F
1-2: Ground out 6-3 (Groundball, 6)
Bottom of the 5th over - 1 run, 1 hit, 0 errors, 0 left on base; Minnesota 7 - Casper 6
TOP OF THE 6TH
Minnesota Loons batting - Pitching for Casper Ghosts : RHP John Castle
Batting: LHB José Román 0-0: Foul Ball, location: 2F
0-1: Ball
1-1: Ball
2-1: Swinging Strike
2-2: Fly out, F5 (Line Drive, 56)
Batting: RHB Augusto Manuel 0-0: SINGLE (Flyball, 78S)
Batting: LHB Bill Bean 0-0: Ball
Augusto Manuel steals 2nd base
1-0: SINGLE (Groundball, 6D)
Augusto Manuel to third
Batting: RHB Oliver Villalva 0-0: Ball
1-0: Called Strike
1-1: Ball
2-1: Foul Ball, location: 2F
2-2: Ball
3-2: Strikes out swinging
Batting: LHB Atro Jarvilehto 0-0: Ball
1-0: Fly out, F5 (Popup, 56S)
Top of the 6th over - 0 runs, 2 hits, 0 errors, 2 left on base; Minnesota 7 - Casper 6
BOTTOM OF THE 6TH
Casper Ghosts batting - Pitching for Minnesota Loons : RHP Damien Morin
Pitching: LHP Quan Shiu
Batting: RHB José Reyes 0-0: Called Strike
0-1: Ball
1-1: Called Strike
1-2: Strikes out swinging
Batting: RHB Tatsui Kiyomizu 0-0: Fly out, F4 (Line Drive, 4M)
Batting: LHB Ronald Anderson 0-0: Ball
1-0: Ball
2-0: Swinging Strike
2-1: Ball
3-1: Base on Balls
Batting: RHB Armando Pacheco 0-0: Swinging Strike
0-1: Ball
1-1: Ball
Wild Pitch!
Ronald Anderson to second
2-1: Fly out, F7 (Flyball, 78S)
Bottom of the 6th over - 0 runs, 0 hits, 0 errors, 1 left on base; Minnesota 7 - Casper 6
TOP OF THE 7TH
Minnesota Loons batting - Pitching for Casper Ghosts : RHP John Castle
Batting: RHB Maverik Buffo 0-0: Foul Ball, location: 2F
0-1: Foul Ball, location: 2F
0-2: Strikes out looking
Batting: SHB Esteban Piñeiro 0-0: Fly out, F8 (Flyball, 8RD)
Batting: LHB Sergio Cruz 0-0: Fly out, F9 (Flyball, 89M)
Top of the 7th over - 0 runs, 0 hits, 0 errors, 0 left on base; Minnesota 7 - Casper 6
BOTTOM OF THE 7TH
Casper Ghosts batting - Pitching for Minnesota Loons : LHP Quan Shiu
Batting: LHB Marcus Shill 0-0: Ball
1-0: Foul Ball, location: 2F
1-1: Called Strike
1-2: Foul Ball, location: 2F
1-2: Fly out, F5 (Popup, 25)
Batting: LHB Badry Maksimenov 0-0: Ball
1-0: Ball
2-0: SINGLE (Flyball, 89S)
Batting: RHB Jeff Mouton 0-0: Ball
1-0: Called Strike
1-1: Foul Ball, location: 2F
1-2: Strikes out swinging
Batting: RHB Jur Prokop 0-0: Called Strike
0-1: Ball
1-1: Ball
2-1: Ball
3-1: DOUBLE (Groundball, 5L)
Badry Maksimenov to third
Runner from 3rd tries for Home, SAFE, no throw
Batting: RHB Steve Weber 0-0: Ball
1-0: Called Strike
1-1: Swinging Strike
1-2: Ball
2-2: Ball
3-2: Foul Ball, location: 2F
3-2: SINGLE (Line Drive, 4D)
Jur Prokop to third
Jur Prokop scores
Pitching: RHP Ainanani Oliwa
Pinch Hitting: RHB Adrijan Markovski 0-0: Ball
1-0: Ball
2-0: Called Strike
2-1: Ball
3-1: Foul Ball, location: 2F
3-2: Fly out, F7 (Flyball, 78XD)
Bottom of the 7th over - 2 runs, 3 hits, 0 errors, 1 left on base; Minnesota 7 - Casper 8
TOP OF THE 8TH
Minnesota Loons batting - Pitching for Casper Ghosts : RHP John Castle
Now at SS: Vilhelm Loyen
Batting: LHB Kevin de Bruyne 0-0: Ball
1-0: Ball
2-0: SINGLE (Line Drive, 9D)
Pitching: LHP Otton Brouwer
Batting: LHB José Román 0-0: Ball
1-0: Ball
2-0: Ball
3-0: Swinging Strike
3-1: Grounds into double play, 4-6-3 (Groundball, 4)
Batting: RHB Augusto Manuel 0-0: Called Strike
0-1: Swinging Strike
0-2: Ball
1-2: Ground out 4-3 (Groundball, 34)
Top of the 8th over - 0 runs, 1 hit, 0 errors, 0 left on base; Minnesota 7 - Casper 8
BOTTOM OF THE 8TH
Casper Ghosts batting - Pitching for Minnesota Loons : RHP Ainanani Oliwa
Batting: RHB Tatsui Kiyomizu 0-0: Swinging Strike
0-1: Ball
1-1: Fly out, F8 (Flyball, 78M)
Batting: LHB Ronald Anderson 0-0: Ball
1-0: Foul Ball, location: 2F
1-1: SINGLE (Line Drive, 89S)
Batting: RHB Armando Pacheco 0-0: Called Strike
0-1: Ball
1-1: Ball
2-1: Foul Ball, location: 2F
2-2: Ball
3-2: Base on Balls
Ronald Anderson to second
Batting: LHB Marcus Shill 0-0: Fly out, F8 (Flyball, 8LXD)
Runner from 2nd tags up, SAFE at 3rd, no throw
Batting: LHB Badry Maksimenov 0-0: Called Strike
0-1: Ball
1-1: Ball
2-1: Ball
3-1: Fly out, F9 (Flyball, 9LSF)
Bottom of the 8th over - 0 runs, 1 hit, 0 errors, 2 left on base; Minnesota 7 - Casper 8
TOP OF THE 9TH
Minnesota Loons batting - Pitching for Casper Ghosts : LHP Otton Brouwer
Pinch Hitting: RHB Ramón Yniguez 0-0: Called Strike
0-1: Ball
1-1: Called Strike
1-2: Ball
2-2: Foul Ball, location: 2F
2-2: Ball
3-2: SINGLE (Line Drive, 7LM)
Batting: RHB Oliver Villalva 0-0: Ball
1-0: Bunted foul
1-1: Ball
2-1: Bunted foul
2-2: Ball
3-2: Fly out, F5 (Line Drive, 5)
Pinch Hitting: RHB Curt Allen 0-0: Ball
1-0: Foul Ball, location: 2F
1-1: Swinging Strike
1-2: Strikes out swinging
Pinch Hitting: RHB Leonardo Medina 0-0: Ball
1-0: Fly out, F8 (Flyball, 8RXD)
Top of the 9th over - 0 runs, 1 hit, 0 errors, 1 left on base; Minnesota 7 - Casper 8
Friday, March 29th, 2019 - OOTP Baseball 18.8 Build 76